 Seeded DCSS version 0.28.0-53-g5a82cb258f (webtiles) character file.

Game seed: 16595016921790924021 (custom seed)

973 Kranky the Skirmisher (level 8, -1/61 HPs)
             Began as an Octopode Fighter on June 23, 2022.
             Was a Follower of Okawaru.
             Slain by a sky beast (4 damage)
             ... on level 5 of the Dungeon.
             The game lasted 00:08:45 (5322 turns).

Kranky the Skirmisher (Octopode Fighter)            Turns: 5322, Time: 00:08:45

Health: -1/61      AC:  3    Str: 15    XL:     8   Next: 16%
Magic:  8/8        EV: 15    Int: 10    God:    Okawaru [*.....]
Gold:   220        SH:  6    Dex: 20    Spells: 7/7 levels left

rFire   . . .      SeeInvis .   q - +0 whip (elec)
rCold   + . .      Faith    .   b - +0 buckler
rNeg    . . .      Spirit   .   n - +2 hat
rPois   .          Reflect  .   o - amulet of magic regeneration
rElec   .          Harm     .   p - ring of resist corrosion
rCorr   +          Rampage  .   v - ring of protection from cold
Will    .....                   w - +6 ring of dexterity
Stlth   ++++......              (no ring)
HPRegen 0.20/turn               (no ring)
MPRegen 0.51/turn               (no ring)
                                (no ring)
                                (no ring)

@: no status effects
A: almost no armour, amphibious, 8 rings, camouflage 1, gelatinous body 1,
(nimble swimmer 1), tentacles
a: Renounce Religion, Heroism


You were on level 5 of the Dungeon.
You worshipped Okawaru.
Okawaru was aware of your devotion.
You visited 2 branches of the dungeon, and saw 7 of its levels.

You collected 220 gold pieces.

Inventory:

Hand Weapons
 a - a +0 trident
 q - a +0 whip of electrocution (weapon)
Missiles
 x - 2 javelins (quivered)
Armour
 b - a +0 buckler (worn)
 n - a +2 hat (worn)
Jewellery
 o - an amulet of magic regeneration (around mantle)
 p - a ring of resist corrosion (left tentacle)
 u - a ring of wizardry
 v - a ring of protection from cold (right tentacle)
 w - a +6 ring of dexterity (on tentacle)
Wands
 r - a wand of flame (20)
 t - a wand of polymorph (10)
Scrolls
 d - 2 scrolls of noise {unknown}
 e - a scroll of enchant weapon {unknown}
 f - 2 scrolls of identify {unknown}
 g - a scroll of enchant armour {unknown}
 h - a scroll of magic mapping {unknown}
 m - a scroll of fear {unknown}
Potions
 c - 4 potions of might
 i - 2 potions of resistance {unknown}
 j - 2 potions of haste {unknown}
 k - 2 potions of degeneration {unknown}
 l - 2 potions of attraction {unknown}
 s - 2 potions of berserk rage {unknown}


   Skills:
 + Level 7.9 Fighting
 - Level 2.0 Polearms
 + Level 4.9 Dodging
 - Level 3.0 Stealth
 + Level 4.1 Shields
 + Level 0.2 Evocations


You had 7 spell levels left.
You didn't know any spells.
Your spell library contained the following spells:

 Spells                   Type           Power      Damage    Failure   Level
 Pain                     Necr           0%         1d4       43%         1
 Vampiric Draining        Necr           0%         2d6       82%         3
 Animate Skeleton         Necr           Unusable   N/A       N/A         1

Dungeon Overview and Level Annotations

Branches:
Dungeon (6/15)             Temple (1/1) D:4

Altars:
Ashenzari
Cheibriados
Dithmenos
Fedhas
Hepliaklqana
Makhleb
Nemelex Xobeh
Okawaru
Qazlal
Ru
Sif Muna
Trog
Uskayaw
Vehumet
Wu Jian
Xom
Yredelemnul
Zin
The Shining One
Beogh

Annotations:
D:3 Valamore's ghost, amateur HOFi
D:5 Dowan; Duvessa; Prince Ribbit


Innate Abilities, Weirdness & Mutations

You cannot wear most types of armour.
You are amphibious.
You can wear up to eight rings at the same time.
Your skin changes colour to match your surroundings (Stealth+).
Your rubbery body absorbs attacks. (AC +1, EV +1)
((You are camouflaged when in or above water. (Stealth+)))
You have tentacles for arms and can constrict up to eight enemies at once.


Message History

You hit something.
A sky beast appears from thin air!
Reactivating autopickup.
The sky beast barely misses you.
You closely miss the sky beast.
You squeeze the sky beast, but do no damage.
The sky beast is heavily wounded.
The sky beast hits you but does no damage.
You hit the sky beast. Your squeeze misses the sky beast.
The sky beast is severely wounded.
You block the sky beast's attack. The sky beast hits you.
The sky beast shocks you.
* * * LOW HITPOINT WARNING * * *
You closely miss the sky beast.
The sky beast is severely wounded.
The sky beast flickers out of sight!
Deactivating autopickup; reactivate with Ctrl-A.
Something hits you.
* * * LOW HITPOINT WARNING * * *
Something shocks you.
* * * LOW HITPOINT WARNING * * *
You miss something. Your squeeze misses something. Something barely misses you.
You barely miss something. Your squeeze misses something.
A sky beast appears from thin air!
Reactivating autopickup.
The sky beast misses you.
You hit the sky beast. You squeeze the sky beast.
The sky beast is almost dead.
You block the sky beast's attack.
You closely miss the sky beast.
You squeeze the sky beast, but do no damage.
The sky beast is almost dead.
The sky beast flickers out of sight!
Deactivating autopickup; reactivate with Ctrl-A.
Something hits you but does no damage.
You barely miss something. You squeeze something. Something hits you.
* * * LOW HITPOINT WARNING * * *
Something shocks you.
* * * LOW HITPOINT WARNING * * *
Something hits you.
You die...

.#.# #...##..#......#.#
#≈.# #....(.........#.#
≈..###...##..#.#...##.#
≈........##..#.#..###.#
#≈(...........>...# #)#
.#..##.#######.#.## #.#
.#.###.# #...# #.#
.#.....# ####..# #.#
#..##..#####....@# #.#
...##..........{#####.###
######..###.........#...#
##.# #..#..###.###.# #.#
#..#..# #.# #.# #.#
#...#.###.###.# #.#
#..###.....)..# #.###)##
##.......# ##...)##
##.<###.#


There were no monsters in sight!

Vanquished Creatures
  The ghost of Kranky the Skirmisher, an amateur OpFi (D:2)
  An ice beast (D:5)
  2 centaurs
  A bullfrog (D:4)
  A scorpion (D:4)
  A bullfrog zombie (D:5)
  4 hounds (D:4)
  An orc priest (D:5)
  2 centaur skeletons
  Terence (D:2)
  An iguana (D:4)
  A hound skeleton (D:4)
  5 adders
  3 adder skeletons (D:4)
  4 worms
  4 dart slugs
  17 orcs
  2 bats
  4 endoplasms
  A giant cockroach (D:1)
  5 goblins
  7 hobgoblins
  4 jackals
  A quokka (D:4)
  10 ball pythons
  2 frilled lizards
  4 kobolds
  2 rats
92 creatures vanquished.

Notes
Turn   | Place    | Note
-------+----------+-------------------------------------------
     0 | D:1      | Kranky the Octopode Fighter began the quest for the Orb.
     0 | D:1      | Reached XP level 1. HP: 16/16 MP: 1/1
   274 | D:1      | Reached skill level 1 in Stealth
   435 | D:1      | Reached XP level 2. HP: 21/21 MP: 2/2
  1094 | D:2      | Reached XP level 3. HP: 12/27 MP: 3/3
  1268 | D:2      | Noticed Terence
  1273 | D:2      | Killed Terence
  1274 | D:2      | Reached skill level 4 in Fighting
  1325 | D:2      | Reached XP level 4. HP: 33/33 MP: 4/4
  1804 | D:3      | Found a sparkling altar of Nemelex Xobeh.
  2173 | D:3      | Found a runed translucent gate.
  2174 | D:3      | Found a runed translucent gate.
  2174 | D:3      | Noticed Kranky's ghost (amateur OpFi)
  2216 | D:3      | Reached skill level 5 in Fighting
  2216 | D:3      | Reached XP level 5. HP: 14/39 MP: 5/5
  2492 | D:3      | Found a runed translucent gate.
  2554 | D:2      | Killed Kranky's ghost
  2555 | D:2      | Reached XP level 6. HP: 16/46 MP: 6/6
  2918 | D:4      | Found a staircase to the Ecumenical Temple.
  2927 | Temple   | Entered the Ecumenical Temple
  3033 | Temple   | Became a worshipper of Warmaster Okawaru
  3224 | D:4      | Reached skill level 6 in Fighting
  3543 | D:4      | Reached XP level 7. HP: 40/53 MP: 7/7
  3928 | D:4      | Reached skill level 7 in Fighting
  3943 | D:4      | Found a runed translucent door.
  3948 | D:4      | Noticed Valamore's ghost (amateur HOFi)
  3996 | D:4      | Found a runed translucent door.
  4560 | D:5      | Entered Level 5 of the Dungeon
  4585 | D:5      | Reached * piety under Okawaru
  4738 | D:5      | Noticed Duvessa
  4739 | D:5      | Noticed Dowan
  4802 | D:5      | Reached XP level 8. HP: 61/61 MP: 8/8
  4989 | D:5      | Noticed Prince Ribbit
  5112 | D:6      | Noticed a yak
  5113 | D:6      | Noticed a yak
  5262 | D:6      | Noticed a yak
  5322 | D:5      | HP: 3/61 [something (5)]
  5322 | D:5      | Slain by a sky beast

Illustrated notes

Levels and vault maps discovered:
D:1:      dpeg_arrival_windows_large_door, layout_basic, minmay_misc_feat_tower,
          grunt_decor_cap
D:2:      layout_basic, uniq_terence
D:3:      layout_loops_cross, mainiacjoe_overflow_chevrons,
          biasface_ghost_orc_armoury
D:4:      kennysheep_six_static_rooms, layout_basic, lemuel_temple_firewalk_a,
          ebering_ghost_sewer_f, minmay_crossroads
D:5:      layout_loops_ring, fountainhead, st_stairs_14, uniq_duvessa,
          uniq_prince_ribbit1
D:6:      layout_gridville, minmay_misc_feat_hallway
Temple:   mainiacjoe_temple_coin_purse

Skill      XL: |  1  2  3  4  5  6  7 |
---------------+----------------------+-----
Stealth        | 1 2 3 |  3.0
Fighting       | 4 5 6 7 |  7.9
Dodging        | 4 |  4.9
Shields        | 4 |  4.1
Polearms       | |  2.0
Evocations     | |  0.2

Action                   |  1- 3 |  4- 6 |  7- 9 || total
-------------------------+-------+-------+-------++-------
Melee: Trident           |    51 |   104 |    19 ||   174
       Constrict         |    11 |    16 |    15 ||    42
       Tentacles         |     5 |    16 |    26 ||    47
       Punch             |       |     2 |     3 ||     5
       Whip              |       |       |    89 ||    89
Evoke: Wand              |       |       |     1 ||     1
 Stab: Sleeping          |     4 |    14 |     4 ||    22
Armor: Skin              |     3 |     5 |    26 ||    34
Dodge: Dodged            |    19 |    36 |    72 ||   127
Block: Buckler           |     3 |    18 |    23 ||    44
